 Dungeon Crawl Stone Soup version 0.18-a0-1677-g2bdad6c (webtiles) character file.

132781 MenacingMecha the Executioner (level 17, -1/149 HPs)
             Began as a Hill Orc Gladiator on Mar 31, 2016.
             Was a High Priest of Okawaru.
             Slain by a merfolk
             ... wielding a cursed -3 trident
              (6 damage)
             ... on level 1 of the Shoals on Apr 2, 2016.
             The game lasted 09:08:10 (33178 turns).

MenacingMecha the Executioner (Hill Orc Gladiator) Turns: 33178, Time: 09:08:10

Health: -1/149     AC: 27    Str: 22    XL:     17   Next: 13%
Magic:  22/23      EV: 16    Int: 11    God:    Okawaru [*****.]
Gold:   1116       SH:  0    Dex: 17    Spells: 3 memorised, 16 levels left

rFire  + . .     SeeInvis .     a - +4 executioner's axe (flame)
rCold  . . .     Gourm    .     i - +3 scale mail "Gan Teh" {*Contam rElec MR++ Dex+3}
rNeg   . . .     Faith    .     (shield currently unavailable)
rPois  +         Spirit   .     I - +2 helmet {Int+3}
rElec  +         Dismiss  .     H - +0 cloak
rCorr  .         Reflect  .     z - +0 pair of gloves "Qotourro" {rPois MR+ Regen+} (curse)
SustAt .         Harm     .     c - +2 pair of boots {Fly}
MR     ++++.                    s - amulet of regeneration
Stlth  ..........               M - +6 ring of protection
                                E - ring of protection from fire

@: engulfed (cannot breathe), flying, incredibly resistant to hostile
enchantments, extremely unstealthy
A: no striking features
a: Heroism, Finesse, Renounce Religion, Stop Flying


You were on level 1 of the Shoals.
You worshipped Okawaru.
Okawaru was extremely pleased with you.
You were not hungry.

You visited 5 branches of the dungeon, and saw 26 of its levels.
You also visited: Sewer and Ice Cave.

You collected 3067 gold pieces.
You spent 1951 gold pieces at shops.

Inventory:

Hand Weapons
 a - a +4 executioner's axe of flaming (weapon)
 b - a +0 arbalest
Missiles
 d - 8 throwing nets (quivered)
 x - 4 bolts of flame
 L - 79 bolts
 T - 7 silver bolts
 U - 2 bolts of frost
 X - 15 steel bolts
Armour
 c - a +2 pair of boots of flying (worn)
 i - the +3 scale mail "Gan Teh" (worn) {*Contam rElec MR++ Dex+3}
   (Okawaru gifted it to you on level 2 of the Orcish Mines)

   It affects your dexterity (+3).
   It insulates you from electricity.
   It affects your resistance to hostile enchantments.
   It causes magical contamination when unequipped.
 z - the cursed +0 pair of gloves "Qotourro" (worn) {rPois MR+ Regen+}
   (You found it on level 11 of the Dungeon)

   It protects you from poison.
   It affects your resistance to hostile enchantments.
   It increases your rate of regeneration.
   It has a curse placed upon it.
 H - a +0 cloak (worn)
 I - a +2 helmet of intelligence (worn)
Jewellery
 s - an amulet of regeneration (around neck)
 E - a ring of protection from fire (left hand)
 M - a +6 ring of protection (right hand)
 Q - an uncursed ring of resist corrosion
 S - an uncursed ring of ice
Wands
 l - a wand of confusion (27/48)
 p - a wand of acid (6/15)
 D - a wand of digging (1/24)
 G - a wand of enslavement (6/24)
 R - a wand of paralysis (9/24)
 V - a wand of iceblast (5/15)
 W - a wand of lightning (1/15)
 Y - a wand of acid (3/15)
Scrolls
 e - 15 scrolls of identify
 g - 3 scrolls of teleportation
 j - a scroll of magic mapping
 m - a scroll of holy word
 t - 4 scrolls of recharging
 A - 2 scrolls of fear
 B - 7 scrolls of remove curse
 K - 5 scrolls of blinking
Potions
 k - 16 potions of curing
 n - 3 potions of brilliance
 o - 3 potions of haste
 q - 7 potions of might
 w - 8 potions of cancellation
 C - a potion of invisibility
Miscellaneous
 F - a sack of spiders
 O - a box of beasts {used: 1}
Comestibles
 f - 10 bread rations
 h - 15 chunks of flesh
 r - 4 fruits


   Skills:
 - Level 13.0 Fighting
 + Level 22.4 Axes
 - Level 6.0 Crossbows
 - Level 1.7 Throwing
 - Level 10.2 Armour
 - Level 8.7 Dodging
   Level 2.1 Shields
 - Level 4.0 Spellcasting
 - Level 10.0 Charms
 - Level 8.0 Invocations
 - Level 7.4 Evocations


You had 16 spell levels left.
You knew the following spells:

 Your Spells              Type           Power        Failure   Level  Hunger
a - Apportation           Tloc           #.........   54%         1    #......
b - Summon Butterflies    Summ           #.......     54%         1    #......
c - Haste                 Chrm           ###.....     95%         6    #######


Dungeon Overview and Level Annotations

Branches:
Dungeon (14/15)            Temple (1/1) D:4            Lair (8/8) D:10
 Shoals (1/4) Lair:5        Snake (0/4) Lair:5        Slime (0/6) Lair:7
    Orc (2/2) D:9             Elf (0/3) Orc:2        Vaults (0/5) D:14

Altars:
Ashenzari
Cheibriados
Dithmenos
Elyvilon
Fedhas
Gozag
Kikubaaqudgha
Makhleb
Nemelex Xobeh
Okawaru
Pakellas
Qazlal
Ru
Sif Muna
Trog
Vehumet
Xom
Yredelemnul
Zin
The Shining One
Beogh
Jiyva

Shops:
D:9 ??[*   D:10 ?   D:11 ?   D:12 }}*   Orc:2 %=[*   Shoals:1 (

Portals:
Hell: Lair:8

Annotations:
D:8 two-headed ogrerror
D:11 ugly thing
Lair:4 Rupert
Lair:7 1 runed door


Message History

* * * LOW HITPOINT WARNING * * *
Your lungs strain for air!
The water elemental hits you!
* * * LOW HITPOINT WARNING * * *
The merfolk aquamancer casts a spell at you.
The ball of steam hits you! You resist.
* * * LOW HITPOINT WARNING * * *
The merfolk hits you from afar with a trident.
* * * LOW HITPOINT WARNING * * *
Drink which item? (? for menu, Esc to quit)
You feel much better.
* * * LOW HITPOINT WARNING * * *
Your lungs strain for air!
The water elemental hits you.
* * * LOW HITPOINT WARNING * * *
The merfolk aquamancer mumbles some strange words.
The merfolk aquamancer blinks!
The water elemental completely misses you.
The merfolk hits you from afar with a trident.
You die...

≈≈≈≈≈≈≈≈≈≈≈≈≈≈≈≈≈≈≈≈≈≈
≈≈≈≈≈≈≈≈≈≈≈≈≈≈≈PP≈≈≈≈≈≈
≈≈≈≈≈≈≈≈≈≈≈PP.≈≈PPP≈≈≈≈
≈≈≈≈≈≈≈≈≈≈≈.P.PP≈P≈≈≈≈≈≈
≈≈≈≈≈≈≈≈≈≈.......≈P≈≈≈≈≈
≈..≈≈..≈.P...P.....≈P≈≈≈
≈.≈≈..........(∩....≈≈≈≈
(.≈...E.(m...........≈≈≈
.....(§@)≈..............
≈...≈≈E≈≈.....P.....)...
.....m..P...............
.P.....P................
....##.≈P............#..
.P..#..P≈.P.≈.≈≈........
.≈≈ ≈.≈PPPP≈............
.. P.PP≈≈P≈...≈........
PP≈≈≈≈≈≈≈≈..≈≈≈≈


You could see a merfolk aquamancer, a merfolk and 2 water elementals.

Vanquished Creatures
  Gastronok (Orc:1)
  2 orc warlords
  A frost giant (IceCv)
  Maud (D:12)
  A dire elephant (Lair:8)
  A vault guard (D:14)
  Josephine (Lair:7)
  11 hydras
  Harold (D:11)
  A hell beast (Lair:8)
  The ghost of Geomchi the Convoker, a journeyman TeSu of Sif Muna (Lair:5)
  Erolcha (D:12)
  Erica (Orc:1)
  3 centaur warriors
  The ghost of Ebgish the Arsonist, a journeyman OpFE of Vehumet (D:11)
  2 tengu warriors (D:13)
  3 ogre magi
  10 death yaks (Lair:7)
  Urug (D:11)
  Sonja (D:14)
  An unseen horror (D:14)
  Nergalle (D:11)
  A sea snake (Shoals:1)
  2 deep trolls
  9 hill giants
  5 harpies (Shoals:1)
  2 wizards
  4 necromancers
  8 griffons
  6 orc knights
  7 ugly things
  3 orc sorcerers (Orc:2)
  A manticore (D:14)
  7 cyclopes
  Maurice (D:11)
  18 elephants
  An ice statue (IceCv)
  2 centaur zombies
  3 sirens
  A torpor snail (Lair:5)
  3 orange demons (Lair:8)
  11 spiny frogs
  A gargoyle (D:14)
  5 black mambas
  6 rime drakes
  17 komodo dragons
  A hellwing (Lair:8)
  2 efreet
  2 ice devils (Lair:8)
  13 trolls
  2 red devils (Lair:8)
  A tengu conjurer (D:13)
  17 polar bears (IceCv)
  10 two-headed ogres
  A jumping spider (shapeshifter) (D:14)
  A merfolk (Shoals:1)
  A wind drake (Shoals:1)
  13 blink frogs
  A hornet zombie (D:14)
  4 slime creatures
  2 shadows (D:13)
  3 wraiths (Lair:7)
  A vampire (D:14)
  43 yaks
  21 humans (D:14)
  A water elemental (Shoals:1)
  3 wyverns (Lair:7)
  4 hungry ghosts
  7 basilisks
  A steam dragon (D:8)
  17 hippogriffs
  10 vampire mosquitoes
  A mottled dragon (D:10)
  2 wargs (Orc:2)
  20 water moccasins
  3 soldier ants
  5 hell hounds
  42 orc warriors
  12 porcupines
  4 sky beasts
  3 black bears
  13 ice beasts
  4 phantoms
  A wasp (D:12)
  21 wolves
  32 centaurs
  33 ogres
  21 crocodiles
  6 big kobolds
  19 giant frogs
  A wyvern skeleton (D:13)
  4 scorpions
  7 killer bees
  5 wights (D:14)
  4 jellies
  3 hounds
  6 crimson imps
  4 giant frog zombies
  20 orc priests
  4 giant frog skeletons
  A gnoll shaman (D:10)
  15 iguanas
  29 orc wizards
  7 hell rats (Lair:7)
  3 polar bear simulacra (Lair:5)
  12 worker ants
  3 yak simulacra (Lair:5)
  4 wolf simulacra (Lair:5)
  33 sheep
  A worker ant zombie (D:10)
  14 adders
  6 gnolls
  45 river rats
  2 shadow imps
  4 oozes
  An adder skeleton (D:9)
  3 adder zombies
  A worm (D:3)
  2 dart slugs
  4 giant geckos
  112 orcs
  5 bats
  6 giant cockroaches
  3 goblins
  6 hobgoblins
  7 jackals
  28 kobolds
  4 quokkas
  9 ball pythons
  3 giant gecko skeletons
  4 giant newts
  A jackal skeleton (D:4)
  23 rats
  A river rat simulacrum (Lair:5)
  A bush (Lair:7)
  14 fungi
  10 plants
1080 creatures vanquished.

Vanquished Creatures (collateral kills)
  An orc wizard (D:10)
  An orc (D:10)
2 creatures vanquished.

Vanquished Creatures (others)
  A hippogriff (Lair:7)
  2 orc priests
  56 fungi
  18 plants
77 creatures vanquished.

Grand Total: 1159 creatures vanquished

Notes
Turn   | Place    | Note
--------------------------------------------------------------
     0 | D:1      | MenacingMecha the Hill Orc Gladiator began the quest for the Orb.
     0 | D:1      | Reached XP level 1. HP: 18/18 MP: 1/1
   290 | D:1      | Reached XP level 2. HP: 25/25 MP: 2/2
   702 | D:2      | Found a sacrificial altar of Ru.
   744 | D:2      | Reached skill level 5 in Axes
   946 | D:2      | Found a faded altar to an unknown god.
   959 | D:2      | Reached XP level 3. HP: 24/30 MP: 3/3
  1524 | D:3      | Reached skill level 6 in Axes
  1785 | D:3      | Reached XP level 4. HP: 32/37 MP: 4/4
  2048 | D:3      | Reached skill level 7 in Axes
  2095 | D:4      | Found an oddly glowing altar of Pakellas.
  2096 | D:4      | Found a shadowy altar of Dithmenos.
  2136 | D:4      | Found a staircase to the Ecumenical Temple.
  2151 | Temple   | Entered the Ecumenical Temple
  2156 | Temple   | Reached skill level 1 in Shields
  2156 | Temple   | Reached XP level 5. HP: 19/42 MP: 5/5
  2168 | Temple   | Became a worshipper of Warmaster Okawaru
  2418 | D:4      | Found a glowing drain.
  2461 | Sewer    | Entered a sewer
  2485 | Sewer    | Reached skill level 8 in Axes
  2485 | Sewer    | Reached XP level 6. HP: 39/50 MP: 6/6
  2502 | Sewer    | HP: 2/50 [river rat (7)]
  2510 | Sewer    | Gained mutation: You are robust (+10% HP). [potion of mutation]
  2510 | Sewer    | Gained mutation: You are clumsy. (Dex -2) [potion of mutation]
  2510 | Sewer    | Gained mutation: You are weak. (Str -2) [potion of mutation]
  2518 | Sewer    | HP: 4/82 [river rat (1)]
  3126 | Sewer    | Reached skill level 9 in Axes
  3203 | Sewer    | Reached XP level 7. HP: 42/61 MP: 7/7
  3378 | Sewer    | Reached skill level 10 in Axes
  3572 | D:4      | Reached skill level 1 in Armour
  3846 | D:4      | Reached * piety under Okawaru
  3900 | D:5      | Entered Level 5 of the Dungeon
  3960 | D:5      | Reached skill level 1 in Invocations
  3976 | D:5      | Reached XP level 8. HP: 25/69 MP: 9/9
  4652 | D:5      | Reached skill level 11 in Axes
  4928 | D:6      | Noticed a two-headed ogre
  5014 | D:6      | Reached ** piety under Okawaru
  5136 | D:6      | Found a bloodstained altar of Trog.
  5163 | D:6      | Reached skill level 12 in Axes
  5956 | D:7      | Reached skill level 13 in Axes
  6049 | D:7      | Reached XP level 9. HP: 37/75 MP: 10/10
  6332 | D:7      | Reached *** piety under Okawaru
  6823 | D:8      | Reached skill level 14 in Axes
  7410 | D:8      | Reached skill level 15 in Axes
  7809 | D:8      | Reached **** piety under Okawaru
  8075 | D:8      | HP: 3/75 [something (9)]
  8471 | D:9      | Found Kanemoj's Magic Scroll Shoppe.
  8474 | D:9      | Got a slimy scale mail
  8475 | D:9      | Identified the cursed +0 scale mail "Yviozir" {rC+ rN+} (You found it on level 9 of the Dungeon)
  8854 | D:9      | Found Beletz's Assorted Antiques.
  8871 | D:9      | Bought a scroll of teleportation for 81 gold pieces
  8874 | D:9      | Found a staircase to the Orcish Mines.
  8879 | D:9      | Reached skill level 16 in Axes
  8891 | D:9      | Reached XP level 10. HP: 82/84 MP: 11/11
  8980 | D:9      | Found Urchenar's Armour Shop.
  8983 | D:9      | Bought a +0 cloak for 58 gold pieces
  8983 | D:9      | Bought a +2 helmet of intelligence for 279 gold pieces
  9003 | D:9      | Found Xoitieph's Magic Scroll Shoppe.
  9072 | D:9      | Reached skill level 1 in Evocations
  9408 | D:10     | Entered Level 10 of the Dungeon
  9408 | D:10     | Found Biviohac's Magic Scroll Shoppe.
  9605 | D:10     | Bought a scroll of remove curse for 42 gold pieces
  9613 | D:9      | Upgraded the game from 0.18-a0-1655-ge2d8d33 to 0.18-a0-1673-gaded821
  9662 | D:10     | Reached ***** piety under Okawaru
 10212 | D:10     | Reached skill level 5 in Evocations
 10339 | D:10     | Received a gift from Okawaru
 10402 | D:10     | Received a gift from Okawaru
 10536 | D:10     | Found a staircase to the Lair.
 10620 | D:10     | Noticed a hill giant
 10627 | D:10     | Killed a hill giant
 10851 | D:10     | Reached XP level 11. HP: 93/93 MP: 16/16
 10907 | D:10     | Noticed a hill giant
 10916 | D:10     | Killed a hill giant
 11114 | D:11     | Noticed a cyan ugly thing
 11201 | Lair:1   | Entered Level 1 of the Lair of Beasts
 11236 | Lair:1   | Reached skill level 17 in Axes
 11525 | Lair:1   | Received a gift from Okawaru
 11852 | Lair:1   | Reached skill level 18 in Axes
 12161 | Lair:2   | Found a frozen archway.
 12227 | IceCv    | Entered an ice cave
 12250 | IceCv    | Reached ****** piety under Okawaru
 12657 | IceCv    | Received a gift from Okawaru
 12675 | IceCv    | Reached skill level 19 in Axes
 12927 | IceCv    | Reached XP level 12. HP: 92/101 MP: 17/17
 13116 | IceCv    | Reached skill level 20 in Axes
 13461 | IceCv    | Reached skill level 5 in Fighting
 13632 | IceCv    | Reached skill level 5 in Armour
 13936 | IceCv    | Noticed a frost giant
 13954 | IceCv    | Killed a frost giant
 13954 | IceCv    | Received a gift from Okawaru
 14264 | IceCv    | Identified the Grimoire of Beguiling
 14580 | Lair:2   | Noticed a six-headed hydra
 15092 | Lair:2   | Received a gift from Okawaru
 15319 | Lair:2   | Reached skill level 5 in Invocations
 15319 | Lair:2   | Reached XP level 13. HP: 90/122 MP: 18/18
 15489 | Lair:2   | Lost mutation: You are robust (+10% HP). [potion of cure mutation]
 15489 | Lair:2   | Lost mutation: You are clumsy. (Dex -2) [potion of cure mutation]
 15489 | Lair:2   | Lost mutation: You are weak. (Str -2) [potion of cure mutation]
 15986 | Lair:3   | Received a gift from Okawaru
 15996 | Lair:3   | Reached skill level 10 in Fighting
 16824 | Lair:4   | Reached skill level 1 in Crossbows
 16959 | Lair:4   | Noticed Rupert
 16961 | Lair:4   | Paralysed by Rupert for 3 turns
 17002 | Lair:4   | Learned a level 1 spell: Apportation
 17004 | Lair:4   | Learned a level 1 spell: Summon Butterflies
 18064 | Lair:5   | Received a gift from Okawaru
 18266 | Lair:5   | Found a staircase to the Snake Pit.
 18716 | Lair:5   | Noticed Geomchi's ghost (journeyman TeSu)
 18728 | Lair:5   | Killed Geomchi's ghost
 18824 | Lair:5   | Found a staircase to the Shoals.
 19313 | Lair:6   | Received a gift from Okawaru
 19908 | Lair:7   | Reached skill level 5 in Crossbows
 19917 | Lair:7   | Reached XP level 14. HP: 96/122 MP: 20/20
 20155 | Lair:7   | Reached skill level 5 in Dodging
 20580 | Lair:7   | Noticed Josephine
 20597 | Lair:7   | Killed Josephine
 20944 | Lair:7   | Received a gift from Okawaru
 21605 | Lair:7   | Received a gift from Okawaru
 21606 | Lair:7   | Got a translucent hand crossbow {god gift}
 21607 | Lair:7   | Identified the +9 hand crossbow of Doik Viocaac {elec, Fragile Int+7} (Okawaru gifted it to you on level 7 of the Lair of Beasts)
 21789 | Lair:7   | Found a runed door.
 21789 | Lair:7   | Found a viscous altar of Jiyva.
 21789 | Lair:7   | Found a staircase to the Slime Pits.
 21789 | Lair:7   | Noticed an azure jelly
 21789 | Lair:7   | Noticed an azure jelly
 21970 | Lair:8   | Entered Level 8 of the Lair of Beasts
 22509 | Lair:8   | Reached skill level 21 in Axes
 22600 | Lair:8   | Noticed a dire elephant
 22613 | Lair:8   | Killed a dire elephant
 22625 | Lair:8   | Received a gift from Okawaru
 22685 | Lair:8   | Reached XP level 15. HP: 113/130 MP: 21/21
 22758 | Lair:8   | Found a burning altar of Makhleb.
 23213 | Lair:8   | Found a gateway to Hell.
 23317 | Lair:8   | Received a gift from Okawaru
 23603 | Lair:8   | Received a gift from Okawaru
 23925 | Lair:8   | Upgraded the game from 0.18-a0-1673-gaded821 to 0.18-a0-1677-g2bdad6c
 24536 | Orc:1    | Entered Level 1 of the Orcish Mines
 24536 | Orc:1    | Noticed Erica
 24546 | Orc:1    | Killed Erica
 24845 | Orc:1    | Found a roughly hewn altar of Beogh.
 24921 | Orc:1    | Noticed Gastronok
 24935 | Orc:1    | Killed Gastronok
 25005 | Orc:2    | Entered Level 2 of the Orcish Mines
 25005 | Orc:2    | Found a staircase to the Elven Halls.
 25005 | Orc:2    | Found Ecieror's Antique Armour Shoppe.
 25016 | Orc:1    | Reached skill level 22 in Axes
 25618 | Orc:2    | Found Izatumo's Food Emporium.
 25684 | Orc:2    | Received a gift from Okawaru
 25716 | Orc:2    | Got a brightly glowing scale mail {god gift}
 25745 | Orc:2    | Identified the +3 scale mail "Gan Teh" {*Contam rElec MR++ Dex+3} (Okawaru gifted it to you on level 2 of the Orcish Mines)
 25944 | Orc:1    | Reached skill level 10 in Armour
 26287 | Orc:2    | Found Syudop's Jewellery Boutique.
 26304 | Orc:2    | Found Umax's General Store.
 26364 | Orc:2    | Bought a book of Enchantments for 550 gold pieces
 26371 | Orc:2    | Learned a level 6 spell: Haste
 26506 | Orc:2    | Noticed an orc warlord
 26552 | Orc:1    | Killed an orc warlord
 26552 | Orc:1    | Reached skill level 1 in Charms
 27166 | Orc:2    | Reached XP level 16. HP: 143/143 MP: 22/22
 27388 | Orc:2    | Reached skill level 5 in Charms
 27780 | Orc:2    | Bought the amulet "Ezady" {+Rage Slay+2} for 886 gold pieces
 27800 | Orc:2    | Bought a potion of heal wounds for 55 gold pieces
 28238 | D:11     | Noticed Urug
 28253 | D:11     | Killed Urug
 28344 | D:11     | Noticed Harold
 28357 | D:11     | Killed Harold
 28372 | D:11     | Noticed Ebgish's ghost (journeyman OpFE)
 28382 | D:11     | Killed Ebgish's ghost
 28630 | D:11     | Noticed Nergalle
 28638 | D:11     | Killed Nergalle
 28719 | D:11     | Found Anaimoki's Magic Scroll Shop.
 28743 | D:11     | Got a pair of polished gloves
 28756 | D:11     | Identified the cursed +0 pair of gloves "Qotourro" {rPois MR+ Regen+} (You found it on level 11 of the Dungeon)
 28825 | D:11     | Noticed Maurice
 28833 | D:11     | Killed Maurice
 29025 | D:11     | Received a gift from Okawaru
 29199 | D:12     | Noticed Maud
 29219 | D:12     | Killed Maud
 29315 | D:12     | Noticed Erolcha
 29320 | D:12     | Killed Erolcha
 29414 | D:12     | Found Saptetag's Gadget Shoppe.
 29466 | D:12     | Found Kyatour's Gadget Boutique.
 29566 | D:12     | Found a sacrificial altar of Ru.
 29854 | D:12     | Found Ezun's General Store.
 31323 | D:14     | Noticed Sonja
 31347 | D:14     | Killed Sonja
 31582 | D:14     | Reached skill level 10 in Charms
 31710 | D:14     | Reached skill level 1 in Spellcasting
 31764 | D:14     | Found a gate to the Vaults.
 31944 | D:14     | Received a gift from Okawaru
 32069 | D:14     | Reached XP level 17. HP: 149/149 MP: 23/23
 32989 | Shoals:1 | Entered Level 1 of the Shoals
 33145 | Shoals:1 | Found Ciog's Antique Weapon Emporium.
 33177 | Shoals:1 | HP: 7/149 [merfolk aquamancer/ball of steam (5)]
 33177 | Shoals:1 | HP: 1/149 [merfolk/trident (6)]
 33178 | Shoals:1 | Slain by a merfolk

Vault maps used:
D:1:      saegor_arrival_simple_c, grunt_decor_one_mirror, serial_bayou_pond_c
D:2:      ecumenical_altar_1, nicolae_ru_sacrificial_ziggurat
D:3:      first_bread, st_stairs_6
D:4:      gammafunk_temple_overflow_pools, minmay_temple_entry_grid,
          portal_sewer_entry_c
D:6:      basic_altar
D:9:      david_orc_3, serial_shops, shop, shop_fountains,
          nicolae_shop_overgrown_old_shop, nicolae_shop_behind_doors
D:10:     erik_lair_dragon, serial_shops, shop, grunt_ogre_cave
D:11:     serial_shops, shop_fountains, uniq_harold, uniq_nergalle, uniq_urug,
          uniq_maurice
D:12:     serial_shops, shop_statue, shop_statue, shop, lemuel_centaur_altar,
          uniq_maud, uniq_erolcha
D:13:     minmay_joined_circles
D:14:     grunt_vaults_entry_tiered, st_stairs_3, minivault_20, uniq_sonja
Temple:   nicolae_temple_no_exploring_needed
Lair:1:   lemuel_fruit_tree
Lair:2:   portal_ice_cave_entry_ice_beasts, beast_lair_carwin_11
Lair:3:   minivault_27
Lair:4:   uniq_rupert
Lair:5:   minmay_shoals_entry_lonely_mermaid, minmay_snake_entry_six_corridors,
          eino_house_with_fridge
Lair:7:   slime_altar_2, special_room, uniq_josephine
Lair:8:   evil_forest, st_stairs_7
Shoals:1: serial_shops, shop
Orc:1:    basic_altar, uniq_erica, uniq_gastronok
Orc:2:    st_orc_open, abandoned_shop, minmay_orc_treasury
Sewer:    sewer_minmay_treatment
IceCv:    ice_cave_caverns_01

Skill      XL: |  1  2  3  4  5  6  7  8  9 10 11 12 13 14 15 16 |
---------------+-------------------------------------------------+-----
Axes           | 5 6 7 8 9 10 13 16 19 20 21 22 | 22.4
Shields        | 1 2 |  2.1
Armour         | 3 4 7 10 | 10.2
Fighting       | 3 4 9 10 11 13 | 13.0
Invocations    | 2 5 8 |  8.0
Evocations     | 7 |  7.4
Dodging        | 3 4 8 |  8.7
Crossbows      | 5 6 |  6.0
Charms         | 3 10 | 10.0
Spellcasting   | 4 |  4.0
Throwing       | |  1.7

Action                   |  1- 3 |  4- 6 |  7- 9 | 10-12 | 13-15 | 16-18 || total
-------------------------+-------+-------+-------+-------+-------+-------++-------
Melee: War axe           |    86 |   195 |   492 |   216 |       |       ||   989
       Battleaxe         |       |       |       |   401 |    65 |       ||   466
       Broad axe         |       |       |       |    49 |       |       ||    49
       Executioner's axe |       |       |       |       |   934 |   608 ||  1542
 Fire: Arbalest          |       |       |       |       |   162 |    61 ||   223
       Hand crossbow     |       |       |       |       |     5 |       ||     5
Throw: Throwing net      |       |       |     2 |     8 |       |       ||    10
       Tomahawk          |       |       |       |    23 |       |       ||    23
Invok: Heroism           |       |       |     1 |     1 |     3 |       ||     5
       Finesse           |       |       |       |     1 |     9 |     1 ||    11
 Abil: Stop Flying       |       |       |       |       |     1 |     1 ||     2
       Evoke Flight      |       |       |       |       |       |     2 ||     2
Evoke: Wand              |       |     2 |     1 |    42 |    16 |     1 ||    62
       Box of beasts     |       |       |       |     1 |       |       ||     1
  Use: Potion            |       |     6 |    10 |       |     4 |     3 ||    23
       Scroll            |       |       |    13 |     5 |    19 |     7 ||    44
 Stab: Sleeping          |     1 |       |       |       |       |       ||     1
       Invisible         |       |     1 |       |       |       |       ||     1
       Paralysed         |       |       |     2 |       |       |       ||     2
       Held in net/web   |       |       |     1 |       |       |       ||     1
       Distracted        |       |       |       |       |     1 |       ||     1
  Eat: Chunk             |     3 |     5 |    19 |    25 |    35 |    14 ||   101
       Beef jerky        |       |       |     2 |       |     1 |     2 ||     5
       Royal jelly       |       |       |     1 |       |     1 |     1 ||     3
       Pizza             |       |       |     1 |       |     1 |     1 ||     3
       Fruit             |       |       |       |       |       |     2 ||     2
